 Dungeon Crawl Stone Soup version bcrawl-1.15-1-g696c4cd9b6 (webtiles) character file.

Game seed: 13646047931575555846

433 Kairok the Covert (level 7, -1/40 HPs)
             Began as a Vine Stalker Rogue on Sept 23, 2019.
             Succumbed to a scorpion's poison
             ... on level 4 of the Dungeon.
             The game lasted 00:04:53 (3150 turns).

Kairok the Covert (Vine Stalker Rogue)              Turns: 3150, Time: 00:04:54

Health: -1/40      AC:  5    Str: 16    XL:     7   Next: 0%
Magic:  9/9        EV: 27    Int: 11    God:
Gold:   262        SH:  0    Dex: 15    Spells: 6/6 levels left

rFire    . . .     SeeInvis .   a - +2 dagger
rCold    . . .     Gourm    .   (no shield)
rNeg     + . .     Faith    .   j - +0 leather armour
rPois    .         Spirit   .   (no helmet)
rElec    .         Reflect  .   d - +0 cloak
rCorr    .         Harm     .   l - +0 pair of gloves
MR       .....                  (no boots)
Stlth    ++++......             o - amulet of the acrobat
HPRegen  0.53/turn              p - ring of wizardry
MPRegen  0.11/turn              t - ring of positive energy

@: lethally poisoned (-1 -> -13)
A: fangs 3, regeneration 1, no potion heal 3, rot immunity, strong jaws
a: no special abilities


You were on level 4 of the Dungeon.
You were near starving.

You visited 1 branch of the dungeon, and saw 4 of its levels.

You collected 262 gold pieces.

Inventory:

Hand Weapons
 a - a +2 dagger (weapon)
 b - a +0 blowgun
Missiles
 e - 221 poisoned needles
 s - 136 tomahawks (quivered)
Armour
 c - a +0 robe
 d - a +0 cloak (worn)
 j - a +0 leather armour (worn)
 l - a +0 pair of gloves (worn)
Jewellery
 o - an amulet of the acrobat (around neck)
 p - a ring of wizardry (left hand)
 t - a ring of positive energy (right hand)
Wands
 f - a wand of flame (14)
 g - a wand of enslavement (13)
Scrolls
 i - 4 scrolls of teleportation
 k - a scroll of magic mapping
 m - a scroll of noise
 q - 2 scrolls of fear {unknown}
 r - a scroll of immolation
 w - a scroll of amnesia {unknown}
 y - a scroll of remove curse {unknown}
Potions
 n - 4 potions of agility
 u - a potion of brilliance {unknown}
 v - a potion of lignification
 x - 2 potions of curing
 z - a potion of ambrosia
Comestibles
 h - 10 rations {!d}


   Skills:
 + Level 2.7 Fighting
 + Level 3.2 Short Blades
 + Level 2.4 Armour
 + Level 2.2 Dodging
 + Level 8.2 Stealth
 + Level 1.8 Evocations


You had 6 spell levels left.
You didn't know any spells.
Your spell library was empty.

Dungeon Overview and Level Annotations

Branches:
Dungeon (4/12)
 Temple: D:4-7

Altars:
Cheibriados
Fedhas
Nemelex Xobeh
Wu Jian
Zin
The Shining One

Annotations:
D:4 Natasha


Innate Abilities, Weirdness & Mutations

You have razor-sharp teeth.
Your natural rate of healing is unusually fast.
Potions cannot restore your health.
You are immune to rotting.
Your bites deal extra damage.


Message History

Evoke which item? (* to show all) (? for menu, Esc to quit)
Aiming: Enslavement
Press: ? - help, Shift-Dir - straight line, f/p - scorpion
Aim: a scorpion (heavily wounded, chance to defeat MR: 50%)
The scorpion resists with significant effort.
* * * LOW HITPOINT WARNING * * *
You feel sick. The scorpion barely misses you.
Evoke which item? (* to show all) (? for menu, Esc to quit)
Aiming: Enslavement
Press: ? - help, Shift-Dir - straight line, f/p - scorpion
Aim: a scorpion (heavily wounded, chance to defeat MR: 50%)
The scorpion resists with significant effort.
* * * LOW HITPOINT WARNING * * *
You feel sick.
Natasha casts a spell.
The scorpion stings you.
* * * LOW HITPOINT WARNING * * *
You are more poisoned.
The scorpion poisons you!
You die...

.#.#
#.............#.............
####
########......###.#..#......
#......###.#..###....
#..............###...
#..##.####.#...####.. #..#..#
#.#.......#. #..#.#
#......#<##. #.#.#
###.#.##.##. #.#@# #.._......
#######.#.# #.#.#.....
#....h..#s# #...>>###.
#......#..#h###......#..# #.
#.....##................# ##
#...... #....>....#......#
.....## #........##....#.#
#############....########.##.#
....†...........## #. #<#


You could see a scorpion and Natasha.

Vanquished Creatures
  An ogre (D:4)
  2 crimson imps (D:4)
  Natasha (D:4)
  2 worker ants (D:4)
  9 adders
  2 oozes (D:2)
  9 worms
  A dart slug (D:2)
  8 leopard geckos
  A ball python (D:1)
  3 giant cockroaches
  4 goblins
  9 hobgoblins
  8 jackals
  10 kobolds
  5 bats
  7 frilled lizards
  A quokka skeleton (D:4)
  8 rats
91 creatures vanquished.

Notes
Turn   | Place    | Note
-------+----------+-------------------------------------------
     0 | D:1      | Kairok the Vine Stalker Rogue began the quest for the Orb.
     0 | D:1      | Reached XP level 1. HP: 12/12 MP: 3/3
    51 | D:1      | Reached skill level 6 in Stealth
   106 | D:1      | Reached XP level 2. HP: 17/17 MP: 4/4
   327 | D:1      | Reached XP level 3. HP: 21/21 MP: 5/5
   381 | D:1      | Found a snail-covered altar of Cheibriados.
   663 | D:2      | Reached skill level 7 in Stealth
   677 | D:2      | Found a sparkling altar of Nemelex Xobeh.
   766 | D:2      | Reached XP level 4. HP: 26/26 MP: 6/6
  1109 | D:2      | Found a blossoming altar of Fedhas.
  1240 | D:2      | Found an ornate altar of the Wu Jian Council.
  1381 | D:3      | Reached XP level 5. HP: 24/30 MP: 7/7
  1867 | D:3      | Found a glowing silver altar of Zin.
  1958 | D:3      | Reached skill level 1 in Dodging
  1968 | D:3      | Reached skill level 1 in Armour
  2590 | D:4      | Noticed an ogre
  2592 | D:4      | Killed an ogre
  2592 | D:4      | Reached skill level 8 in Stealth
  2592 | D:4      | Gained mutation: You have razor-sharp teeth. [Vine Stalker
                  | growth]
  2592 | D:4      | Reached XP level 6. HP: 36/36 MP: 8/8
  2731 | D:4      | Found a glowing golden altar of the Shining One.
  3009 | D:4      | Noticed Natasha
  3125 | D:4      | Killed Natasha
  3125 | D:4      | Reached XP level 7. HP: 40/40 MP: 9/9
  3135 | D:4      | Noticed Natasha
  3148 | D:4      | HP: 2/40 [poisoned by a scorpion]
  3150 | D:4      | Succumbed to a scorpion's poison

Skill      XL: |  1  2  3  4  5  6 |
---------------+-------------------+-----
Stealth        | 6 7 8 |  8.2
Short Blades   | 2 3 |  3.2
Fighting       | 2 |  2.7
Dodging        | 1 2 |  2.2
Armour         | 1 2 |  2.4
Evocations     | |  1.8

Action                   |  1- 3 |  4- 6 |  7- 9 || total
-------------------------+-------+-------+-------++-------
Melee: Dagger            |   108 |   303 |    12 ||   423
       Bite              |    12 |    29 |     1 ||    42
Evoke: Wand              |       |       |     3 ||     3
  Use: Scroll            |     3 |     2 |       ||     5
       Potion            |     1 |     4 |       ||     5
 Stab: Sleeping          |    12 |     9 |       ||    21
       Distracted        |     1 |       |       ||     1
  Eat: Chunk             |       |     6 |       ||     6
Armor: Robe              |    11 |       |       ||    11
       Leather armour    |    11 |    81 |       ||    92
Dodge: Dodged            |    50 |   167 |     6 ||   223
